 Dungeon Crawl Stone Soup version 0.18-a0-1121-gb454403 (webtiles) character file.

51 Chiseanne the Gusty (level 3, -3/29 HPs)
             Began as a Centaur Air Elementalist on Jan 18, 2016.
             Killed from afar by Chiseanne's ghost (8 damage)
             ... with a zap
             ... on level 3 of the Dungeon.
             The game lasted 00:04:50 (1438 turns).

Chiseanne the Gusty (Centaur Air Elementalist)      Turns: 1438, Time: 00:04:51

Health: -3/29      AC:  5    Str: 10    XL:     3   Next: 57%
Magic:  2/5        EV:  8    Int: 15    God:
Gold:   73         SH:  0    Dex:  9    Spells: 1 memorised, 4 levels left

rFire  . . .     SeeInvis .     a - +0 short sword (freeze)
rCold  . . .     Gourm    .     h - +0 ring mail (curse)
rNeg   . . .     Faith    .     (no shield)
rPois  .         Spirit   .     (no helmet)
rElec  .         Dismiss  .     (no cloak)
rCorr  .         Reflect  .     (no gloves)
SustAt .         Harm     .     (no barding)
MR     .....                    (no amulet)
Stlth  ..........               (no ring)
                                (no ring)

@: very quick, not resistant to hostile enchantments, extremely unstealthy
A: hooves 3, deformed body, speed 2, tough skin 3
a: no special abilities


You were on level 3 of the Dungeon.
You were very hungry.

You visited 1 branch of the dungeon, and saw 4 of its levels.

You collected 73 gold pieces.

Inventory:

Hand Weapons
 a - a +0 short sword of freezing (weapon)
Missiles
 m - 19 bolts
 o - 2 javelins (quivered)
Armour
 f - a +0 cloak
 h - a cursed +0 ring mail (worn)
Potions
 d - a potion of flight {unknown}
 e - a potion of curing
 g - a potion of might {unknown}
Books
 b - a book of Air

   Spells                             Type                      Level
   a - Shock                          Conjuration/Air              1
   b - Swiftness                      Charms/Air                   2
   c - Repel Missiles                 Charms/Air                   2
   d - Static Discharge               Conjuration/Air              3
   e - Lightning Bolt                 Conjuration/Air              5
 p - a book of Burglary

   Spells                             Type                      Level
   a - Swiftness                      Charms/Air                   2
   b - Passwall                       Transmutation/Earth          3
   c - Passage of Golubria            Translocation                4
   d - Lee's Rapid Deconstruction     Earth                        5
   e - Darkness                       Hexes                        6
   f - Invisibility                   Hexes                        6
Comestibles
 c - 4 bread rations
 l - a beef jerky


   Skills:
 * Level 2.2 Fighting
 * Level 1.5 Armour
 - Level 1.3 Dodging
 - Level 1.2 Stealth
 - Level 1.5 Spellcasting
 - Level 0.8 Conjurations
 - Level 2.6 Air Magic


You had 4 spell levels left.
You knew the following spells:

 Your Spells              Type           Power        Failure   Level  Hunger
a - Shock                 Conj/Air       #...         30%         1    ##.....


Dungeon Overview and Level Annotations

Branches:
Dungeon (4/15)
 Temple: D:4-7

Altars:
Fedhas
Qazlal

Annotations:
D:2 Robin
D:3 Chiseanne's ghost, amateur CeAE


Innate Abilities, Weirdness & Mutations

You have hooves in place of feet.
Armour fits poorly on your strangely shaped body.
You cover ground very quickly.
You have extremely tough skin (AC +3).


Message History

Casting: Shock
Confirm with . or Enter, or press ? or * to list all spells.
Aiming: Shock
Press: ? - help, Shift-Dir - straight line, f/p - bat
Aim: a bat (heavily wounded)
The zap hits the bat.
You kill the bat!
Your magical contamination has completely faded away.
Chiseanne's ghost (amateur Centaur Air Elementalist) comes into view.
Chiseanne's ghost is nearby!
Chiseanne's ghost turns its malevolent gaze towards you.
Chiseanne's ghost gestures at you while chanting.
The zap hits you!
Read which item? (? for menu, Esc to quit)
Okay, then.
Chiseanne's ghost points at you and mumbles some strange words.
The zap hits you!
* * * LOW HITPOINT WARNING * * *
The zap hits you!
You die...

### #.# #.# #
#.# ## # #.#
#.# # #.# ..# #
#.# #.. # #.##
.. # #.@# ##.#
# ##W## #..# #
#..# #W# #
#######.## #.#
#........# #.#
#.######.####.#
####....W.#
#.......>..#
#..###......#


You could see Chiseanne's ghost.

Vanquished Creatures
  2 adders
  A giant gecko (D:2)
  A ball python (D:1)
  A giant cockroach (D:1)
  4 hobgoblins (D:1)
  A kobold (D:1)
  5 bats
  2 giant newts (D:1)
  9 goblins
  3 rats (D:1)
29 creatures vanquished.

Notes
Turn   | Place    | Note
--------------------------------------------------------------
     0 | D:1      | Chiseanne the Centaur Air Elementalist began the quest for the Orb.
     0 | D:1      | Reached XP level 1. HP: 14/14 MP: 3/3
   285 | D:1      | Reached skill level 1 in Fighting
   361 | D:1      | Reached XP level 2. HP: 23/23 MP: 4/4
   556 | D:1      | Reached skill level 1 in Armour
   820 | D:1      | Reached XP level 3. HP: 29/29 MP: 5/5
  1048 | D:2      | Noticed Robin
  1123 | D:3      | Found a stormy altar of Qazlal.
  1126 | D:3      | Found a blossoming altar of Fedhas.
  1137 | D:3      | Noticed an ogre
  1420 | D:3      | Noticed Chiseanne's ghost (amateur CeAE)
  1438 | D:3      | Killed from afar by Chiseanne's ghost

Vault maps used:
D:1:      dpeg_cavernosity, kennysheep_nondescript, corexii_leaking_fountain,
          bh_walls_and_bars
D:2:      lemuel_doored_altar, uniq_robin
D:3:      grunt_temple_overflow_forces_of_nature, minmay_vboxes,
          uniq_crazy_yiuf_cottage
D:4:      temple_green, first_bread, serial_shops, shop

Action                   || total
-------------------------++-------
Melee: Short sword       ||    88
       Spear             ||    10
 Cast: Shock             ||     6
  Use: Scroll            ||     5
       Potion            ||     1
